 Dungeon Sprint DCSS version 0.17.1-2-g5865329 (webtiles) character file.

11018 hexophile the Severer (level 11, -2/112 HPs)
             Began as a Ghoul Skald on Jan 26, 2016.
             Was the Champion of Makhleb.
             Slain by a tentacled monstrosity (3 damage)
             ... summoned by a lich
             ... in the Dungeon (Sprint V: "Ziggurat Sprint").
             The game lasted 00:04:10 (514 turns).

hexophile the Severer (Ghoul Skald)                  Turns: 514, Time: 00:04:10

Health: -2/112     AC: 19    Str: 20    XL:     11   Next: 71%
Magic:  13/16      EV: -3    Int: 19    God:    Makhleb [******]
Gold:   0          SH: 27    Dex:  8    Spells: 3 memorised, 8 levels left

rFire  + . .     SeeInvis +     J - +14 obsidian axe {chop, +Fly Str+3 SInv *Curse} (curse)
rCold  + + .     Clarity  .     a - +5 gold dragon armour {rC+ rF+ rPois}
rNeg   + + +     SustAt   .     I - +18 shield of the gong {rElec rN+ MR+ EV-5}
rPois  ∞         Gourm    .     (no helmet)
rElec  +         Spirit   .     (no cloak)
rCorr  .         Warding  .     (no gloves)
rMut   .         NoTele   +     (no boots)
MR     +....                    (no amulet)
Stlth  ..........               F - ring of the Mage {Wiz MR++ Int+3}
                                y - +6 ring of intelligence

@: vulnerable, mesmerised, rotting, somewhat resistant to hostile enchantments,
extremely unstealthy
A: rotting body, claws 1, carnivore 3, cold resistance 1, negative energy
resistance 3, slow regeneration 1, torment resistance, unbreathing
a: Minor Destruction, Lesser Servant of Makhleb, Major Destruction, Greater
Servant of Makhleb, Renounce Religion, Evoke Flight


You were in the Dungeon.
You worshipped Makhleb.
Makhleb was exalted by your worship.
You were not hungry.

You visited 1 branch


Innate Abilities, Weirdness & Mutations

Your body is rotting away.
You thrive on raw meat.
You are immune to poison.
You have sharp fingernails.
You are carnivorous and can eat meat at any time.
Your flesh is cold resistant.
You are immune to negative energy.
You regenerate slowly when monsters are visible.
You are immune to unholy pain and torment.
You can survive without breathing.

Inventory:

Hand Weapons
 J - the cursed +14 obsidian axe (weapon) {chop, +Fly Str+3 SInv *Curse}
   (You found it in the Dungeon)

   It inflicts extra damage upon your enemies.
   It affects your strength (+3).
   It lets you see invisible.
   It lets you fly.
   It may re-curse itself when equipped.
   It has a curse placed upon it.
Armour
 a - a +5 gold dragon armour (worn) {rC+ rF+ rPois}
 I - the +18 shield of the gong (worn) {rElec rN+ MR+ EV-5}
   (You found it in the Dungeon)

   It affects your evasion (-5).
   It insulates you from electricity.
   It protects you from negative energy.
   It affects your resistance to hostile enchantments.
Jewellery
 y - a +6 ring of intelligence (left claw)
 z - a +6 ring of strength
 F - the ring of the Mage (right claw) {Wiz MR++ Int+3}
   (You found it in the Dungeon)

   [ring of wizardry]

   It improves your spell success rate.
   It affects your intelligence (+3).
   It affects your resistance to hostile enchantments.
Wands
 c - a wand of disintegration (7)
 A - a wand of fire (5)
 B - a wand of cold (5)
 C - a wand of draining (5)
Scrolls
 b - 4 scrolls of amnesia
 j - 4 scrolls of blinking
 q - 3 scrolls of recharging
 s - 5 scrolls of identify
 t - 5 scrolls of remove curse
 u - 2 scrolls of fear
 w - 7 scrolls of fog
Potions
 e - 10 potions of curing
 f - 5 potions of heal wounds
 g - 6 potions of haste
 h - 7 potions of magic
 i - 3 potions of berserk rage
 k - 2 potions of brilliance {Archmagi Int+5 Wiz++}
 l - 2 potions of invisibility
 m - 3 potions of resistance {rF+ rC+ rPois rElec rCorr}
 o - 4 potions of agility {Stlth+ Dex+5 EV+5}
 p - 6 potions of might {Str+5 DMG+1d10}
Books
 D - a book of Battle

   Spells                             Type                      Level
   a - Infusion                       Charms                       1
   b - Shroud of Golubria             Charms/Translocation         2
   c - Song of Slaying                Charms                       2
   d - Spectral Weapon                Hexes/Charms                 3
   e - Regeneration                   Charms/Necromancy            3
Miscellaneous
 n - a box of beasts
 v - a disc of storms
 E - a box of beasts
 G - a phial of floods
Comestibles
 d - 5 meat rations
 r - 4 bread rations
 x - 42 fruits


You had 8 spell levels left.
You knew the following spells:

 Your Spells              Type           Power        Failure   Level  Hunger
a - Infusion              Chrm           ###...       100%        1    None
b - Regeneration          Chrm/Necr      ###.......   100%        3    ###....
c - Deflect Missiles      Chrm/Air       ##........   100%        6    #######


   Skills:
 - Level 15.1 Fighting
 - Level 18.8 Axes
 - Level 4.5 Armour
 - Level 4.5 Dodging
 - Level 4.3 Shields
 * Level 4.3 Spellcasting
 * Level 5.1 Charms
 * Level 4.5 Necromancy

Dungeon Overview and Level Annotations

Branches:
Dungeon (1/1)

Altars:
Ashenzari
Cheibriados
Dithmenos
Elyvilon
Fedhas
Gozag
Kikubaaqudgha
Makhleb
Nemelex Xobeh
Okawaru
Qazlal
Ru
Sif Muna
Trog
Vehumet
Xom
Yredelemnul
Zin
The Shining One
Beogh
Jiyva
Lugonu

Vault maps used:
D:        sprint_v
You       could see a tentacled monstrosity, a lich, 4 large abominations, a
          phantasmal warrior, a necromancer, 2 wights, a friendly sixfirhy and a
          friendly chaos spawn.


Message History

BONNNG!
Your sun demon hits the tentacled monstrosity!!
The tentacled monstrosity is engulfed in flames.
The tentacled monstrosity resists.
The large abomination hits you!!
* * * LOW HITPOINT WARNING * * *
You lost 22 HP.
You have now: 13/112 HP.
Unknown command.
Unknown command.
Drink which item? (? for menu, Esc to quit)
You feel much better.
Visions of slaying the large abomination flood into your mind.
The wight hits you but does no damage. You block the lich's attack.
GONNNNG!
You block the large abomination's attack.
GONNNNG!
The large abomination hits your sun demon!!
Your sun demon dies!
You block the large abomination's attack.
PANG!
The phantasmal warrior hits you!
* * * LOW HITPOINT WARNING * * *
Restored 10 HP.
You have now: 23/112 HP.
Unknown command.
Unknown command.
Your shield and gold dragon armour prevent you from hitting the lich.
The lich is almost destroyed.
You slash the large abomination!
The large abomination is severely damaged.
You hit the large abomination. You open a gate to Pandemonium!
A demon appears!
The large abomination is lightly damaged.
You slash the phantasmal warrior! You open a gate to Pandemonium!
A demon appears!
The phantasmal warrior is severely damaged.
You completely miss the tentacled monstrosity.
The tentacled monstrosity is moderately wounded.
Your gold dragon armour prevents you from hitting the large abomination.
Visions of slaying the large abomination flood into your mind.
The lich touches you.
* * * LOW HITPOINT WARNING * * *
The wight hits you but does no damage.
You block the large abomination's attack.
PANG!
You block the large abomination's attack.
PTOANNNG!
The large abomination hits you!
* * * LOW HITPOINT WARNING * * *
The tentacled monstrosity tentacle-slaps you.
* * * LOW HITPOINT WARNING * * *
The tentacled monstrosity tentacle-slaps you.
You die...

Action                   |  1- 3 |  4- 6 |  7- 9 | 10-12 || total
-------------------------+-------+-------+-------+-------++-------
Melee: Broad axe         |     5 |     1 |    23 |    77 ||   106
  Use: Potion            |     2 |       |     1 |     5 ||     8

Notes
Turn   | Place    | Note
--------------------------------------------------------------
     0 | D        | hexophile the Ghoul Skald began the quest for the Orb.
     0 | D        | Reached XP level 1. HP: 17/17 MP: 2/2
     1 | D        | Found an iron altar of Okawaru.
     1 | D        | Found a burning altar of Makhleb.
     1 | D        | Found a radiant altar of Vehumet.
     1 | D        | Found a deep blue altar of Sif Muna.
     1 | D        | Found a shimmering altar of Xom.
     2 | D        | Found a roughly hewn altar of Beogh.
     2 | D        | Found a corrupted altar of Lugonu.
     2 | D        | Found a viscous altar of Jiyva.
     2 | D        | Found a white marble altar of Elyvilon.
     2 | D        | Found a sparkling altar of Nemelex Xobeh.
     2 | D        | Found a bloodstained altar of Trog.
     3 | D        | Killed Purgy
    10 | D        | Banished a spatial maelstrom
    35 | D        | Became a worshipper of Makhleb the Destroyer
    79 | D        | Entered arena 1.
    79 | D        | Noticed a fire drake
    79 | D        | Noticed a fire drake
    86 | D        | Killed a fire drake
    86 | D        | Reached skill level 9 in Fighting
    86 | D        | Reached skill level 8 in Axes
    86 | D        | Reached XP level 2. HP: 7/37 MP: 3/3
    86 | D        | Reached XP level 3. HP: 8/44 MP: 4/4
    86 | D        | Reached XP level 4. HP: 9/50 MP: 5/5
    86 | D        | Reached XP level 5. HP: 10/57 MP: 6/6
    86 | D        | Reached XP level 6. HP: 11/64 MP: 7/7
    87 | D        | Killed a fire drake
    87 | D        | Reached * piety under Makhleb
    87 | D        | Reached skill level 11 in Fighting
    87 | D        | Reached skill level 9 in Axes
    87 | D        | Reached XP level 7. HP: 11/74 MP: 8/8
    91 | D        | Got the ring "Lopyurad" {+Fly rElec rC- Str+10 Dex-2}
   281 | D        | Killed Roxanne
   293 | D        | Reached skill level 4 in Armour
   293 | D        | Reached skill level 4 in Dodging
   293 | D        | Reached skill level 4 in Shields
   293 | D        | Reached XP level 8. HP: 62/81 MP: 9/9
   294 | D        | Entered arena 2.
   294 | D        | Noticed a wolf
   294 | D        | Noticed a spriggan
   294 | D        | Noticed a wolf
   296 | D        | Killed a wolf
   296 | D        | Reached skill level 10 in Axes
   296 | D        | Killed a wolf
   296 | D        | Reached skill level 12 in Fighting
   299 | D        | Killed a spriggan
   299 | D        | Reached ** piety under Makhleb
   305 | D        | Entered arena 3.
   305 | D        | Noticed a giant frog
   305 | D        | Noticed a giant frog
   309 | D        | Killed a giant frog
   309 | D        | Reached *** piety under Makhleb
   310 | D        | Killed a giant frog
   310 | D        | Reached skill level 11 in Axes
   315 | D        | Got the amulet "Leoshuot" {rMut rC+ MP-9 Dex+7}
   317 | D        | Entered arena 4.
   317 | D        | Noticed a draconian
   317 | D        | Noticed a draconian
   317 | D        | Noticed a draconian
   317 | D        | Noticed a draconian
   324 | D        | Killed a draconian
   324 | D        | Reached skill level 13 in Fighting
   324 | D        | Reached XP level 9. HP: 76/92 MP: 10/10
   325 | D        | Killed a draconian
   325 | D        | Reached **** piety under Makhleb
   325 | D        | Reached skill level 14 in Fighting
   325 | D        | Reached skill level 12 in Axes
   327 | D        | Killed a draconian
   328 | D        | Killed a draconian
   328 | D        | Reached skill level 15 in Fighting
   328 | D        | Reached skill level 13 in Axes
   336 | D        | Learned a level 3 spell: Regeneration
   339 | D        | Entered arena 5.
   339 | D        | Noticed an iron imp
   339 | D        | Noticed an iron imp
   339 | D        | Noticed a cacodemon
   341 | D        | Reached ***** piety under Makhleb
   344 | D        | Killed an iron imp
   344 | D        | Killed a cacodemon
   344 | D        | Reached skill level 14 in Axes
   344 | D        | Reached XP level 10. HP: 85/104 MP: 11/11
   345 | D        | Killed an iron imp
   350 | D        | Entered arena 6.
   350 | D        | Noticed a quasit
   350 | D        | Noticed a quasit
   350 | D        | Noticed a crimson imp
   350 | D        | Noticed a wretched star
   350 | D        | Noticed a crimson imp
   354 | D        | Killed a quasit
   354 | D        | Killed a crimson imp
   356 | D        | Killed a quasit
   357 | D        | Killed a crimson imp
   360 | D        | Killed a wretched star
   360 | D        | Reached skill level 15 in Axes
   372 | D        | Learned a level 6 spell: Deflect Missiles
   372 | D        | Entered arena 7.
   372 | D        | Noticed a giant frog
   372 | D        | Noticed a giant frog
   372 | D        | Noticed a porcupine
   372 | D        | Noticed a giant frog
   375 | D        | Killed a giant frog
   375 | D        | Reached ****** piety under Makhleb
   376 | D        | Killed a giant frog
   376 | D        | Killed a porcupine
   377 | D        | Killed a giant frog
   390 | D        | Entered arena 8.
   390 | D        | Noticed Gemar the pandemonium lord
   390 | D        | Noticed a quasit
   390 | D        | Noticed a blue devil
   390 | D        | Noticed an iron imp
   390 | D        | Noticed a quasit
   390 | D        | Noticed an iron imp
   393 | D        | Killed a quasit
   395 | D        | Killed an iron imp
   395 | D        | Killed an iron imp
   396 | D        | Killed a quasit
   402 | D        | Killed a blue devil
   430 | D        | Killed Gemar the pandemonium lord
   430 | D        | Reached skill level 17 in Axes
   430 | D        | Reached XP level 11. HP: 72/112 MP: 12/12
   434 | D        | Killed Josephine
   439 | D        | Identified Lehudib's Compendium of Aerial Battle Magic
   444 | D        | Entered arena 9.
   444 | D        | Noticed a mummy priest
   444 | D        | Noticed an ushabti
   444 | D        | Noticed an ushabti
   444 | D        | Noticed a guardian mummy
   444 | D        | Noticed an ushabti
   450 | D        | Killed an ushabti
   451 | D        | Killed a guardian mummy
   451 | D        | Reached skill level 18 in Axes
   454 | D        | Killed an ushabti
   456 | D        | Killed an ushabti
   459 | D        | Killed a mummy priest
   459 | D        | Noticed a soul eater
   468 | D        | Entered arena 10.
   468 | D        | Noticed a hell hound
   468 | D        | Noticed a hell hound
   469 | D        | Killed a hell hound
   470 | D        | Killed a hell hound
   496 | D        | Entered arena 11.
   496 | D        | Noticed a lich
   496 | D        | Noticed a necromancer
   496 | D        | Noticed a necromancer
   497 | D        | Noticed a necromancer
   497 | D        | Noticed a lich
   497 | D        | Noticed a wight
   497 | D        | Noticed a wight
   497 | D        | Noticed a wight
   502 | D        | Noticed a phantasmal warrior
   503 | D        | Noticed a large abomination
   503 | D        | Noticed a large abomination
   503 | D        | Noticed a tentacled monstrosity
   503 | D        | Killed a necromancer
   503 | D        | Reached skill level 2 in Spellcasting
   503 | D        | Reached skill level 3 in Charms
   503 | D        | Reached skill level 2 in Necromancy
   508 | D        | Noticed a cacodemon
   509 | D        | Noticed a Hell Sentinel
   509 | D        | Killed a lich
   509 | D        | Reached skill level 3 in Spellcasting
   509 | D        | Reached skill level 4 in Charms
   509 | D        | Reached skill level 3 in Necromancy
   511 | D        | Killed a necromancer
   511 | D        | Reached skill level 4 in Spellcasting
   511 | D        | Reached skill level 5 in Charms
   511 | D        | Reached skill level 4 in Necromancy
   512 | D        | Killed a wight
   514 | D        | HP: 4/112 [large abomination[a lich] (14)]
   514 | D        | HP: 1/112 [tentacled monstrosity[a lich] (3)]
   514 | D        | Slain by a tentacled monstrosity

Table legend:
 A = Turns spent in this place as a percentage of turns spent in the entire game.
 B = Non-inter-level travel turns spent in this place as a percentage of non-inter-level travel turns spent in the entire game.
 C = Inter-level travel turns spent in this place as a percentage of turns spent in this place.
 D = Turns resting spent in this place as a percentage of non-inter-level travel turns spent in this place.
 E = Turns spent auto-exploring this place as a percentage of non-inter-level travel turns spent in this place.
 F = Non-inter-level travel turns spent in this place divided by the number of levels of this place that you've seen.
                   A       B       C       D       E      F
               +-------+-------+-------+-------+-------+----------------------
         Total | 100.0 | 100.0 |   0.0 |   0.7 |   0.0 | 422.0
       Dungeon | 100.0 | 100.0 |   0.0 |   0.7 |   0.0 | 422.0
               +-------+-------+-------+-------+-------+----------------------

Table legend:
 A = Kills in this place as a percentage of kills in entire the game.
 B = Kills by you in this place as a percentage of kills by you in the entire game.
 C = Kills by friends in this place as a percentage of kills by friends in the entire game.
 D = Other kills in this place as a percentage of other kills in the entire game.
 E = Experience gained in this place as a percentage of experience gained in the entire game.
 F = Experience gained in this place divided by the number of levels of this place that you have seen.
                   A       B       C       D       E      F
               +-------+-------+-------+-------+-------+----------------------
         Total | 100.0 | 100.0 | 100.0 | 100.0 | 100.0 | 15056.0
       Dungeon | 100.0 | 100.0 | 100.0 | 100.0 | 100.0 | 15056.0
               +-------+-------+-------+-------+-------+----------------------

Vanquished Creatures
  A pandemonium lord (D)
  A mummy priest (D)
  A wretched star (D)
  2 necromancers (D)
  4 draconians (D)
  2 fire drakes (D)
  A guardian mummy (D)
  3 ushabtiu (D)
  A spriggan (D)
  2 wolves (D)
  A porcupine (D)
  2 hell hounds (D)
  5 giant frogs (D)
  A wight (D)
  A crimson imp (D)
  4 iron imps (D)
  4 quasits (D)
  2 sheep (D)
  A mummy (D)
  2 white imps (D)
  3 shadow imps (D)
  An ufetubus (D)
  A bat zombie (D)
  2 jackals (D)
  A ball python zombie (D)
  2 giant cockroach zombies (D)
  A quokka skeleton (D)
52 creatures vanquished.

Vanquished Creatures (collateral kills)
  A lich (D)
  A cacodemon (D)
  A blue devil (D)
  A crimson imp (D)
  An adder skeleton (D)
5 creatures vanquished.

Vanquished Creatures (others)
  Roxanne (D)
  Josephine (D)
  A spatial maelstrom (D)
  Purgy (D)
  An adder zombie (D)
  An adder skeleton (D)
6 creatures vanquished.

Grand Total: 63 creatures vanquished
